 Dungeon Crawl Stone Soup version 0.21.0 (webtiles) character file.

51 Timinator the Insei (level 3, -2/27 HPs)
             Began as a Vampire Transmuter on Mar 20, 2018.
             Slain by an ogre
             ... wielding a +0 giant club
              (17 damage)
             ... on level 2 of the Dungeon.
             The game lasted 00:08:42 (1048 turns).

Timinator the Insei (Vampire Transmuter)            Turns: 1048, Time: 00:08:43

Health: -2/27      AC:  5    Str: 10    XL:     3   Next: 58%
Magic:  6/6        EV: 11    Int: 15    God:
Gold:   47         SH:  0    Dex: 14    Spells: 5/6 levels left

rFire    . . .     SeeInvis +     - Unarmed
rCold    . . .     Gourm    .   (no shield)
rNeg     . . .     Faith    .   a - +0 ring mail (curse)
rPois    .         Spirit   .   (no helmet)
rElec    .         Reflect  .   (no cloak)
rCorr    .         Harm     .   (no gloves)
MR       .....                  (no boots)
Stlth    +.........             (no amulet)
HPRegen  0.29/turn              (no ring)
MPRegen  0.10/turn              (no ring)

@: regenerating quickly
A: fangs 3, see invisible, unbreathing
a: no special abilities


You were on level 2 of the Dungeon.
You were full.

You visited 1 branch of the dungeon, and saw 2 of its levels.

You collected 47 gold pieces.

Inventory:

Armour
 a - a cursed +0 ring mail (worn)
 b - a +1 robe
 h - a +0 robe
 j - a cursed +0 cloak
Potions
 d - 5 potions of blood
 e - a potion of degeneration {unknown}
 f - a potion of heal wounds {unknown}
 g - 2 potions of berserk rage {unknown}
 i - a potion of curing {unknown}
Books
 c - a book of Changes

   Spells                             Type                      Level
   a - Beastly Appendage              Transmutation                1
   b - Sticks to Snakes               Transmutation                2
   c - Spider Form                    Transmutation/Poison         3
   d - Ice Form                       Ice/Transmutation            4
   e - Blade Hands                    Transmutation                5


   Skills:
 + Level 2.2 Fighting
 + Level 2.5 Dodging
 * Level 3.8 Unarmed Combat
 - Level 2.0 Spellcasting
 + Level 2.5 Transmutations


You had 5 spell levels left.
You knew the following spells:

 Your Spells              Type           Power        Failure   Level  Hunger
a - Beastly Appendage     Tmut           #.....       21%         1    #......


Dungeon Overview and Level Annotations

Branches:
Dungeon (2/15)

Altars:


Innate Abilities, Weirdness & Mutations

Your natural rate of healing is unusually fast.
You have razor-sharp teeth.
You have supernaturally acute eyesight. (SInv)
You can survive without breathing.


Message History

The ogre hits you with a giant club.
You hit the ogre. Your headbutt misses the ogre.
The ogre is heavily wounded.
The ogre barely misses you.
You closely miss the ogre.
The ogre is heavily wounded.
You hit the ogre. You headbutt the ogre.
The ogre is severely wounded.
The ogre hits you with a giant club!
* * * LOW HITPOINT WARNING * * *
Your transformation is almost over.
You see here a brown potion.
Your horns disappear.
Your magical contamination has completely faded away.
You see here a brown potion.
You see here a brown potion.
Yummy - fresh blood!
The ogre hits you with a giant club!
Ouch! That really hurt!
You die...

#.#......>.(..................
#.#....##....#####..###.######
#..........(.####...###.......
###.............#........##...
#.#...............###..##...
#.#..#........#...###..##...
#.#........O..#.#......##...
#.####.##.#####.#.####..#...
######....O@......# #......
#...............# ##.#...
#...............# #.....
#...............# #.##..
#...............# #.##..
#...............# #.##..
#....$...!......# ......
#...(.##.##.....### ..###.
#.....#8.8#........ #.


You could see an ogre.

Vanquished Creatures
  Jessica (D:2)
  An ooze (D:2)
  A leopard gecko (D:2)
  A bat (D:2)
  A giant cockroach (D:1)
  2 goblins
  5 hobgoblins
  A ball python (D:2)
  3 kobolds
  5 rats
21 creatures vanquished.

Notes
Turn   | Place    | Note
-------+----------+-------------------------------------------
     0 | D:1      | Timinator the Vampire Transmuter began the quest for the Orb.
     0 | D:1      | Reached XP level 1. HP: 14/14 MP: 3/3
    31 | D:1      | Reached skill level 1 in Fighting
   179 | D:1      | Reached XP level 2. HP: 22/22 MP: 5/5
   902 | D:2      | Noticed Jessica
   918 | D:2      | Killed Jessica
   918 | D:2      | Reached XP level 3. HP: 18/27 MP: 6/6
   991 | D:2      | Noticed an ogre
  1001 | D:2      | HP: 1/27 [ogre/giant club (9)]
  1048 | D:2      | Slain by an ogre

Skill      XL: |  1  2 |
---------------+-------+-----
Fighting       | 1 2 |  2.2
Dodging        | |  2.5
Unarmed Combat | |  3.8
Spellcasting   | |  2.0
Transmutations | |  2.5

Action                   || total
-------------------------++-------
Melee: Unarmed           ||    65
       Headbutt          ||     5
       Punch             ||     2
       Kick              ||     2
 Cast: Beastly Appendage ||     6
  Use: Scroll            ||     4
       Potion            ||     3
 Stab: Sleeping          ||     1
  Eat: Corpse            ||     4
Armor: Robe              ||     1
       Ring mail         ||     7
Dodge: Dodged            ||    36
